 Dungeon Crawl Stone Soup version 0.21.1-1-g345015f (webtiles) character file.

4840 Skyfox the Cleaver (level 10, -3/78 HPs)
             Began as a Minotaur Berserker on June 23, 2018.
             Was a High Priest of Trog.
             Slain by a two-headed ogre
             ... wielding a +0 giant spiked club
              (8 damage)
             ... on level 8 of the Dungeon.
             The game lasted 00:41:42 (6925 turns).

Skyfox the Cleaver (Minotaur Berserker)             Turns: 6925, Time: 00:41:43

Health: -3/78      AC: 15    Str: 26    XL:     10   Next: 25%
Magic:  4/9        EV:  6    Int:  4    God:    Trog [*****.]
Gold:   256        SH: 13    Dex:  9    Spells: 9/9 levels left

rFire    + . .     SeeInvis .   N - +0 war axe
rCold    . . .     Gourm    .   f - +2 shield
rNeg     . . .     Faith    .   x - +1 plate armour {rF+}
rPois    +         Spirit   .   (helmet restricted)
rElec    .         Reflect  .   (no cloak)
rCorr    +         Harm     .   I - +0 pair of gloves
MR       ++...                  (no boots)
Stlth    ..........             (no amulet)
HPRegen  1.23/turn              e - ring of resist corrosion
MPRegen  0.11/turn              h - ring of poison resistance

@: regenerating
A: retaliatory headbutt, horns 2
a: Berserk, Trog's Hand, Brothers in Arms, Burn Spellbooks, Renounce Religion


You were on level 8 of the Dungeon.
You worshipped Trog.
Trog was extremely pleased with you.
You were hungry.

You visited 1 branch of the dungeon, and saw 9 of its levels.
You also visited: Sewer.

You collected 256 gold pieces.

Inventory:

Hand Weapons
 a - a +0 hand axe
 C - a +0 morningstar
 M - a +0 dire flail
 N - a +0 war axe (weapon)
Missiles
 j - 232 stones (quivered)
 E - 2 poisoned javelins
Armour
 f - a +2 shield (worn)
 w - a +0 chain mail
 x - a +1 plate armour of fire resistance (worn)
 I - a +0 pair of gloves (worn)
Jewellery
 e - a ring of resist corrosion (left hand)
 h - a ring of poison resistance (right hand)
 D - an uncursed ring of fire {unknown}
 H - a +3 ring of dexterity {unknown}
 K - an uncursed ring of positive energy {unknown}
Wands
 F - a wand of disintegration (13)
Scrolls
 m - 3 scrolls of amnesia
 n - 2 scrolls of magic mapping {unknown}
 p - 2 scrolls of blinking {unknown}
 u - 4 scrolls of enchant weapon
 y - 5 scrolls of remove curse {unknown}
 z - a scroll of enchant armour {unknown}
 A - a scroll of immolation {unknown}
 J - a scroll of fog {unknown}
 L - a scroll of teleportation {unknown}
 O - a scroll of vulnerability {unknown}
Potions
 b - 2 potions of ambrosia {unknown}
 d - a potion of cancellation {unknown}
 g - a potion of invisibility {unknown}
 i - a potion of flight {unknown}
 k - 3 potions of berserk rage
 l - 2 potions of might {unknown}
 o - a potion of resistance
 q - 2 potions of lignification
 r - 3 potions of heal wounds
 s - 9 potions of curing
 t - 4 potions of agility
 v - 3 potions of brilliance
 B - 2 potions of magic {unknown}
Comestibles
 c - 13 rations
 G - 4 chunks of flesh


   Skills:
 - Level 4.0 Fighting
 - Level 14.7 Axes
 * Level 7.2 Armour
 - Level 2.4 Dodging
 + Level 6.8 Shields


You had 9 spell levels left.
You didn't know any spells.

Dungeon Overview and Level Annotations

Branches:
Dungeon (9/15)             Temple (0/1) D:4
   Lair: D:8-11         Orc: D:9-12

Altars:
Ashenzari
Dithmenos
Hepliaklqana
Trog
The Shining One


Innate Abilities, Weirdness & Mutations

You reflexively headbutt those who attack you in melee.
You have a pair of horns on your head.


Message History

The two-headed ogre hits you but does no damage.
You slash the two-headed ogre!
The two-headed ogre is heavily wounded.
The two-headed ogre barely misses you. You block the two-headed ogre's attack.
An orc wizard appears from thin air!
Reactivating autopickup.
The two-headed ogre hits you with a giant spiked club!
You block the two-headed ogre's attack.
You hit the two-headed ogre but do no damage.
The two-headed ogre is heavily wounded.
You block the two-headed ogre's attack.
The two-headed ogre hits you with a giant club!!
* * * LOW HITPOINT WARNING * * *
You barely miss the two-headed ogre.
The two-headed ogre is heavily wounded.
You feel the effects of Trog's Hand fading.
The two-headed ogre hits you with a giant spiked club!
* * * LOW HITPOINT WARNING * * *
The two-headed ogre hits you with a giant club!
You die...

#...##...........#
#..###...[......>#
#..##............#
#.###.#..........#
#.# #.#..........#
#.# #o#..........#
### #.#.......
##.##########.
#...oO@.......
##############


You could see a two-headed ogre and an orc wizard.

Vanquished Creatures
  Pikel (D:5)
  A troll (D:8)
  Grinder (D:3)
  The ghost of Sapher the Grave Robber, an amateur GnNe (D:5)
  A hippogriff (D:8)
  Sigmund (D:6)
  A wyvern (D:8)
  Eustachio (D:4)
  An orc warrior (D:7)
  A sky beast (D:8)
  An eye of draining (D:8)
  2 slaves (D:5)
  3 black bears (D:7)
  An ice beast (D:5)
  3 centaurs
  A phantom (D:9)
  3 big kobolds (Sewer)
  A scorpion (D:5)
  2 howler monkeys
  4 crimson imps
  2 hounds
  A jelly (D:1)
  12 orc wizards
  7 orc priests
  A centaur skeleton (D:4)
  A bullfrog skeleton (D:4)
  A gnoll shaman (D:5)
  An iguana (D:3)
  8 worker ants
  Natasha (thrice) (D:2)
  A hound zombie (D:8)
  2 worker ant zombies
  Robin (D:3)
  3 gnolls (D:5)
  10 adders
  7 river rats (Sewer)
  A shadow imp (D:5)
  6 oozes (D:1)
  4 worms
  2 dart slugs
  4 leopard geckos
  36 orcs
  13 bats
  10 giant cockroaches
  17 goblins
  8 hobgoblins
  14 jackals
  24 kobolds
  4 quokkas
  5 ball pythons
  4 frilled lizards
  A quokka zombie (D:7)
  25 rats
270 creatures vanquished.

Vanquished Creatures (collateral kills)
  A water moccasin (D:7)
  An orc warrior (D:8)
  5 killer bees (D:7)
  An orc wizard (D:8)
  An orc (D:8)
9 creatures vanquished.

Vanquished Creatures (others)
  A fungus (D:8)
1 creature vanquished.

Grand Total: 280 creatures vanquished

Notes
Turn   | Place    | Note
-------+----------+-------------------------------------------
     0 | D:1      | Skyfox the Minotaur Berserker began the quest for the Orb.
     0 | D:1      | Reached XP level 1. HP: 19/19 MP: 0/0
     1 | D:1      | Found a runed door.
     3 | D:1      | Noticed a jelly
    66 | D:1      | Reached XP level 2. HP: 24/27 MP: 1/1
   135 | D:1      | Reached skill level 4 in Axes
   425 | D:1      | Reached XP level 3. HP: 32/33 MP: 2/2
   450 | D:1      | Reached ** piety under Trog
   799 | D:1      | Reached skill level 5 in Axes
   799 | D:1      | Reached skill level 1 in Shields
   800 | D:1      | Reached XP level 4. HP: 40/40 MP: 3/3
  1190 | D:2      | Reached skill level 6 in Axes
  1266 | D:2      | Noticed Natasha
  1278 | D:2      | Killed Natasha
  1278 | D:2      | Reached XP level 5. HP: 33/46 MP: 4/4
  1305 | D:2      | Noticed Natasha
  1319 | D:2      | Killed Natasha
  1340 | D:2      | Noticed Natasha
  1350 | D:2      | Killed Natasha
  1633 | D:2      | Found a hazy altar of Hepliaklqana.
  1968 | D:3      | Found a glowing golden altar of the Shining One.
  2080 | D:3      | Found a glowing drain.
  2090 | D:3      | Reached skill level 7 in Axes
  2096 | Sewer    | Entered a sewer
  2114 | Sewer    | Reached *** piety under Trog
  2147 | Sewer    | Reached XP level 6. HP: 37/52 MP: 5/5
  2348 | Sewer    | Reached **** piety under Trog
  2391 | Sewer    | Reached skill level 8 in Axes
  2491 | Sewer    | Reached XP level 7. HP: 43/59 MP: 6/6
  2987 | D:3      | Noticed Robin
  2998 | D:3      | Killed Robin
  3256 | D:3      | Noticed Grinder
  3272 | D:3      | Paralysed by Grinder for 3 turns
  3276 | D:3      | Killed Grinder
  3276 | D:3      | Reached skill level 9 in Axes
  3836 | D:4      | Found a staircase to the Ecumenical Temple.
  3854 | D:4      | Reached ***** piety under Trog
  3936 | D:4      | Noticed Eustachio
  3954 | D:4      | Killed Eustachio
  3954 | D:4      | Reached skill level 10 in Axes
  3954 | D:4      | Reached XP level 8. HP: 66/66 MP: 7/7
  4232 | D:4      | Received a gift from Trog
  4482 | D:5      | Entered Level 5 of the Dungeon
  4515 | D:5      | Reached skill level 11 in Axes
  4643 | D:5      | Noticed Sapher's ghost (amateur GnNe)
  4709 | D:5      | Killed Sapher's ghost
  4709 | D:5      | Reached skill level 12 in Axes
  5016 | D:5      | Reached XP level 9. HP: 42/71 MP: 8/8
  5025 | D:5      | Reached skill level 13 in Axes
  5046 | D:5      | Noticed Pikel
  5112 | D:5      | Killed Pikel
  5354 | D:6      | Noticed Sigmund
  5364 | D:6      | Killed Sigmund
  5364 | D:6      | Reached skill level 14 in Axes
  5641 | D:6      | Found a shattered altar of Ashenzari.
  6007 | D:7      | Reached skill level 5 in Shields
  6092 | D:7      | Found a shadowy altar of Dithmenos.
  6352 | D:7      | Found a bloodstained altar of Trog.
  6359 | D:7      | Reached skill level 5 in Armour
  6673 | D:8      | Reached XP level 10. HP: 78/78 MP: 9/9
  6742 | D:8      | You fall through a shaft!
  6877 | D:8      | Noticed a two-headed ogre
  6925 | D:8      | Slain by a two-headed ogre

Skill      XL: |  1  2  3  4  5  6  7  8  9 10 |
---------------+-------------------------------+-----
Axes           | 4 5 6 7 8 10 12 14 | 14.7
Fighting       | 4 |  4.0
Shields        | 1 2 4 6 |  6.8
Armour         | 5 7 |  7.2
Dodging        | |  2.4

Action                   |  1- 3 |  4- 6 |  7- 9 | 10-12 || total
-------------------------+-------+-------+-------+-------++-------
Melee: Hand axe          |    46 |   185 |   465 |    57 ||   753
       Headbutt          |     6 |    27 |    96 |    12 ||   141
       War axe           |       |       |       |    15 ||    15
Invok: Berserk           |     1 |     2 |     5 |       ||     8
       Trog's Hand       |       |     1 |     3 |     1 ||     5
       Brothers in Arms  |       |       |     1 |     1 ||     2
  Use: Scroll            |       |       |     6 |       ||     6
  Eat: Chunk             |       |     8 |    19 |     2 ||    29
Armor: Animal skin       |    14 |     6 |       |       ||    20
       Ring mail         |       |    31 |       |       ||    31
       Chain mail        |       |     8 |     1 |       ||     9
       Plate armour      |       |       |   175 |    27 ||   202
Dodge: Dodged            |    28 |    54 |    58 |    19 ||   159
Block: Shield            |    17 |   117 |   239 |    46 ||   419
